 Dungeon Crawl Stone Soup version 0.27.1-34-g3ba077fa99 (webtiles) character file.

Game seed: 11116998408028851888

87 zeram the Chopper (level 4, -3/40 HPs)
             Began as a Hill Orc Fighter on Jan 20, 2022.
             Succumbed to Sigmund's poison
             ... on level 3 of the Dungeon.
             The game lasted 00:02:55 (2114 turns).

zeram the Chopper (Hill Orc Fighter)                Turns: 2114, Time: 00:02:56

Health: -3/40      AC:  8    Str: 19    XL:     4   Next: 51%
Magic:  4/4        EV:  7    Int:  8    God:
Gold:   101        SH:  9    Dex: 10    Spells: 3/3 levels left

rFire    . . .     SeeInvis .   a - +0 war axe
rCold    . . .     Faith    .   c - +0 kite shield
rNeg     . . .     Spirit   .   b - +0 scale mail
rPois    .         Reflect  .   j - +0 helmet
rElec    .         Harm     .   (no cloak)
rCorr    .         Rampage  .   (no gloves)
Will     .....                  (no boots)
Stlth    ..........             (no amulet)
HPRegen  0.13/turn              (no ring)
MPRegen  0.09/turn              (no ring)

@: lethally poisoned (-3 -> -26)
A: no striking features
a: no special abilities


You were on level 3 of the Dungeon.
You visited 1 branch of the dungeon, and saw 3 of its levels.

You collected 101 gold pieces.

Inventory:

Hand Weapons
 a - a +0 war axe (weapon)
Armour
 b - a +0 scale mail (worn)
 c - a +0 kite shield (worn)
 j - a +0 helmet (worn)
Scrolls
 e - 2 scrolls of magic mapping {unknown}
 f - a scroll of identify {unknown}
 h - 2 scrolls of amnesia {unknown}
 i - a scroll of fog {unknown}
 k - a scroll of noise {unknown}
 l - a scroll of vulnerability {unknown}
Potions
 d - a potion of might


   Skills:
 + Level 4.1 Fighting
 + Level 4.2 Axes
 + Level 3.9 Armour
 + Level 0.4 Dodging
 + Level 3.9 Shields


You had 3 spell levels left.
You didn't know any spells.
Your spell library contained the following spells:

 Spells                   Type           Power      Damage    Failure   Level
 Beastly Appendage        Tmut           0%         N/A       99%         1
 Wereblood                Tmut           0%         N/A       100%        2
 Spider Form              Tmut/Pois      0%         N/A       100%        3


Dungeon Overview and Level Annotations

Branches:
Dungeon (3/15)

Altars:

Annotations:
D:3 Sigmund


Message History

Sigmund is moderately wounded.
You feel sick. You block Sigmund's attack.
You slash Sigmund!
Sigmund is heavily wounded.
You feel sick.
Sigmund points at you and mumbles some strange words.
You are confused.
Sigmund hits you with a +2 scythe of venom!
You barely miss Sigmund.
Sigmund is heavily wounded.
You feel sick.
Sigmund hits you with a +2 scythe of venom.
You are more poisoned.
You feel very sick.
You bump into the rock wall.
* * * LOW HITPOINT WARNING * * *
You feel very sick. Sigmund barely misses you.
* * * LOW HITPOINT WARNING * * *
You feel sick.
Sigmund hits you with a +2 scythe of venom!
* * * LOW HITPOINT WARNING * * *
You are more poisoned.
Things that are here:
a +0 war axe; 15 stones; an orc corpse It was a potion of heal wounds.
You feel much better.
You feel very sick.
You bump into the rock wall.
You feel less confused.
You feel very sick.
Sigmund hits you with a +2 scythe of venom.
You are more poisoned.
You closely miss Sigmund.
Sigmund is heavily wounded.
* * * LOW HITPOINT WARNING * * *
You feel extremely sick. Sigmund closely misses you.
You hit Sigmund.
Sigmund is heavily wounded.
You die...

########.# .........#
#######†.## ##.#.##
##.###.# #...#.##
#.#).#########
####.###.#...........
#.....@@....########.
#.##.###.##.# #)##.#
...[.# ##.#### #.#
... ... ...


You could see Sigmund.

Vanquished Creatures
  Terence (D:2)
  2 adders
  An orc (D:3)
  7 bats
  5 endoplasms
  A giant cockroach (D:1)
  4 goblins
  3 hobgoblins
  A kobold (D:2)
  5 quokkas
  6 ball pythons
  2 frilled lizards
  4 rats (D:1)
42 creatures vanquished.

Notes
Turn   | Place    | Note
-------+----------+-------------------------------------------
     0 | D:1      | zeram the Hill Orc Fighter began the quest for the Orb.
     0 | D:1      | Reached XP level 1. HP: 19/19 MP: 1/1
   210 | D:1      | Reached XP level 2. HP: 24/27 MP: 2/2
  1053 | D:2      | Reached XP level 3. HP: 33/33 MP: 3/3
  1114 | D:2      | Noticed Terence
  1129 | D:2      | Killed Terence
  1130 | D:2      | Reached XP level 4. HP: 28/40 MP: 4/4
  2092 | D:3      | Noticed Sigmund
  2110 | D:3      | HP: 1/40 [Sigmund (8)]
  2114 | D:3      | Succumbed to Sigmund's poison

Illustrated notes

Levels and vault maps discovered:
D:1:      arrival_zaba_pyramid, layout_basic
D:2:      layout_basic, uniq_terence
D:3:      layout_loops_ring, pdpol_wu_jian_five_deadly_venoms,
          lemuel_crystal_altar, uniq_sigmund, uniq_grinder, uniq_jessica,
          uniq_robin, uniq_crazy_yiuf_cottage

Skill      XL: |  1  2  3  4 |
---------------+-------------+-----
Axes           | 3 4 |  4.2
Fighting       | 4 |  4.1
Armour         | |  3.9
Dodging        | |  0.4
Shields        | |  3.9

Action                   |  1- 3 |  4- 6 || total
-------------------------+-------+-------++-------
Melee: War axe           |    93 |    59 ||   152
  Use: Potion            |       |     1 ||     1
Armor: Scale mail        |    32 |    30 ||    62
Dodge: Dodged            |    36 |    22 ||    58
Block: Kite shield       |    45 |    39 ||    84
